 Dungeon Crawl Stone Soup version 0.25-a0-699-g25a338df49 (webtiles) character file.

Game seed: 7361501618233198875, levelgen mode: deterministic

175899 FollowTheCloud the Warrior (level 18, -26/120 HPs)
             Began as a Gargoyle Fighter on Apr 2, 2020.
             Was the Champion of Makhleb.
             Killed by the air
             ... invoked by a spriggan air mage
             ... led by the Enchantress
              (34 damage)
             ... on level 1 of the Depths.
             The game lasted 01:55:25 (38324 turns).

FollowTheCloud the Warrior (Gargoyle Fighter)      Turns: 38324, Time: 01:55:25

Health: -26/120    AC: 47    Str: 26    XL:     18   Next: 11%
Magic:  27/27      EV:  6    Int:  9    God:    Makhleb [******]
Gold:   1857       SH: 20    Dex:  9    Spells: 17/17 levels left

rFire    . . .     SeeInvis .   e - +3 demon whip (flame)
rCold    . . .     Gourm    .   c - +0 kite shield
rNeg     + . .     Faith    .   H - +0 crystal plate armour
rPois    ∞         Spirit   .   A - +0 helmet
rElec    +         Reflect  +   a - scarf {repulsion}
rCorr    .         Harm     .   U - +2 pair of gloves {archery}
MR       +....                  T - +2 pair of boots "Lurel" {rPois}
Stlth    ..........             Z - +6 amulet of reflection
HPRegen  0.30/turn              (no ring)
MPRegen  0.20/turn              G - ring of protection from magic

@: vulnerable, flying, very slightly contaminated, repel missiles
A: big wings, negative energy resistance 1, electricity resistance, weak 1,
unbreathing, petrification resistance, rot immunity, AC +13
a: Stop Flying, Minor Destruction, Lesser Servant of Makhleb, Major Destruction,
Greater Servant of Makhleb, Renounce Religion


You were on level 1 of the Depths.
You worshipped Makhleb.
Makhleb was exalted by your worship.
You were not hungry.

You visited 5 branches of the dungeon, and saw 28 of its levels.
You also visited: Ossuary and Ice Cave.

You collected 2960 gold pieces.
You spent 1103 gold pieces at shops.

Inventory:

Hand Weapons
 e - a +3 demon whip of flaming (weapon)
 k - the +2 morningstar "Peifi" {vorpal, Stlth+}
   (You bought it in a shop on level 2 of the Orcish Mines)

   It inflicts extra damage upon your enemies.
   It makes you more stealthy.
Armour
 a - a scarf of repulsion (worn)
 c - a +0 kite shield (worn)
 A - a +0 helmet (worn)
 H - a +0 crystal plate armour (worn)
 N - the +2 chain mail of Uryarob {rElec rF+}
   (You bought it in a shop on level 10 of the Dungeon)

   It protects you from fire.
   It insulates you from electricity.
 Q - a +3 plate armour of fire resistance
 T - the +2 pair of boots "Lurel" (worn) {rPois}
   (You bought it in a shop on level 1 of the Depths)

   It protects you from poison.
 U - a +2 pair of gloves of archery (worn)
Jewellery
 b - an uncursed ring of see invisible
 G - a ring of protection from magic (right hand)
 L - an uncursed ring of protection from fire
 Z - a +6 amulet of reflection (around neck)
Wands
 x - a wand of random effects (32)
 B - a wand of flame (63)
 E - a wand of iceblast (10)
 J - a wand of digging (13)
 K - a wand of clouds (5)
 M - a wand of disintegration (8)
 P - a wand of paralysis (9)
 S - a wand of scattershot (3)
 V - a wand of polymorph (17)
 W - a wand of enslavement (24)
Scrolls
 h - 6 scrolls of amnesia
 l - 3 scrolls of fear
 o - 4 scrolls of enchant weapon
 p - 8 scrolls of immolation
 q - 13 scrolls of remove curse
 u - 4 scrolls of fog
 v - 3 scrolls of enchant armour
 w - 10 scrolls of teleportation
 y - 3 scrolls of blinking
 D - 2 scrolls of magic mapping
 F - 3 scrolls of torment
 O - 3 scrolls of vulnerability
 Y - a scroll of silence
Potions
 d - 5 potions of might
 g - 5 potions of magic
 j - 3 potions of brilliance
 m - 2 potions of invisibility
 n - 7 potions of stabbing
 r - 2 potions of curing
 s - 3 potions of ambrosia
 z - 3 potions of cancellation
 C - 4 potions of degeneration {unknown}
 I - 5 potions of haste {unknown}
 X - 3 potions of berserk rage {unknown}
Comestibles
 f - 42 rations


   Skills:
 + Level 16.1 Fighting
 + Level 14.8 Maces & Flails
 + Level 16.1 Armour
 + Level 16.0 Shields
 + Level 13.2 Invocations


You had 17 spell levels left.
You didn't know any spells.
Your spell library contained the following spells:

 Spells                   Type           Power        Failure   Level  Hunger
 Foxfire                  Conj/Fire      #...         100%        1    ##.....
 Freeze                   Ice            #...         100%        1    ##.....
 Infusion                 Chrm           #...         100%        1    ##.....
 Sandblast                Erth           #.....       100%        1    ##.....
 Passwall                 Tmut/Erth      #.......     100%        2    ###....
 Poisonous Vapours        Pois/Air       #.....       100%        2    ###....
 Shroud of Golubria       Chrm/Tloc      #.....       100%        2    ###....
 Song of Slaying          Chrm           #.......     100%        2    ###....
 Confusing Touch          Hex            #.......     100%        3    ####...
 Conjure Flame            Conj/Fire      #.......     100%        3    ####...
 Frozen Ramparts          Ice            #.....       100%        3    ####...
 Gell's Gravitas          Tloc           #.........   100%        3    ####...
 Inner Flame              Hex/Fire       #.......     100%        3    ####...
 Mephitic Cloud           Conj/Pois/Air  #.......     100%        3    ####...
 Ozocubu's Armour         Chrm/Ice       #.......     100%        3    ####...
 Spectral Weapon          Hex/Chrm       #.......     100%        3    ####...
 Stone Arrow              Conj/Erth      #.....       100%        3    ####...
 Cause Fear               Hex            #.........   100%        4    #####..
 Hailstorm                Conj/Ice       #.......     100%        4    #####..
 Petrify                  Tmut/Erth      #.......     100%        4    #####..
 Sticky Flame             Conj/Fire      #.......     100%        4    #####..
 Summon Ice Beast         Ice/Summ       #.......     100%        4    #####..
 Fireball                 Conj/Fire      #.........   100%        5    ######.
 Lee's Rapid Deconstruct  Erth           #.........   100%        5    ######.
 Metabolic Englaciation   Hex/Ice        #.........   100%        5    ######.
 Silence                  Hex/Air        #.........   100%        5    ######.
 Yara's Violent Unravell  Hex/Tmut       #.........   100%        5    ######.
 Deflect Missiles         Chrm/Air       #.........   100%        6    #######
 Freezing Cloud           Conj/Ice/Air   #.........   100%        6    #######
 Ring of Flames           Chrm/Fire      #.........   100%        7    #######
 Discord                  Hex            #.........   100%        8    #######


Dungeon Overview and Level Annotations

Branches:
Dungeon (15/15)            Temple (0/1) D:4            Lair (6/6) D:11
  Swamp (0/4) Lair:2        Snake (4/4) Lair:4        Slime (0/5) Lair:6
    Orc (2/2) D:12            Elf (0/3) Orc:2        Vaults (0/5) D:14
 Depths (1/5) D:15        Ossuary (visited)           IceCv (visited)

Altars:
Cheibriados
Elyvilon
Fedhas
Gozag
Kikubaaqudgha
Makhleb
Nemelex Xobeh
Qazlal
Ru
Uskayaw
Xom
Beogh

Shops:
D:7 [   D:10 [   Orc:2 ?[(}%   Snake:4 :(   Depths:1 [

Portals:
Hell: Depths:1

Annotations:
Lair:3 3 runed translucent doors, Leupn's ghost, journeyman GnSk; Zajic's ghost, journeyman MiBe
Lair:5 exclusion: 2 oklob plants
Lair:6 exclusion: 5 oklob plants
Orc:1 1 runed translucent door, exclusion: 4 orange crystal statues
Depths:1 the Enchantress


Innate Abilities, Weirdness & Mutations

You are resistant to torment.
Your stone body is resilient. (AC +13)
You are immune to poison.
Your large and strong wings let you fly indefinitely.
You resist negative energy. (rN+)
You are resistant to electric shocks. (rElec)
You can survive without breathing.
You are immune to petrification.
You are immune to rotting.
You are weak. (Str -2)


Message History

The spriggan air mage waves its arms in wide circles.
The air twists around and violently strikes you in flight.
The spriggan air mage waves its arms in wide circles.
The air twists around and violently strikes you in flight!
* * * LOW HITPOINT WARNING * * *
Your blizzard demon waves its arms in wide circles.
The air twists around and strikes the cyan ugly thing!!
Blink to where?
Press: ? - help, Dir - move target cursor You are very lightly contaminated with residual magic.
As you read the scroll of blinking, it crumbles to dust.
The hell knight's soul is no longer bound.
The hell knight gestures wildly while chanting.
The hell knight blinks!
Your surroundings suddenly seem different.
The spriggan defender's soul is no longer bound.
The spriggan defender hits your blizzard demon with a +6 vorpal flail!
The spriggan air mage waves its arms in wide circles.
The air twists around and violently strikes you in flight!!
You die...

#.......Z..u##ii.......##..
#..............i............
#.....#....p..i##ii.........
#...###....i2u..u.piu.......
#### #......####ip........
#.#....###i.......... ..
###D..##............
...####.#....#....[p......
≈≈..≈....@.#####.##.......
.......≈...#C≈##.#........
.≈≈.≈..≈..##C##...........
.≈≈≈≈≈≈≈≈≈≈≈≈#............
≈.≈≈≈≈≈≈≈≈≈≈##...p........
....≈..≈..####............
≈≈≈.≈....#.................
......#.#............[....
#.......p..p......^.......


You could see an ice dragon, 2 spriggan defenders, a cyan ugly thing, a hell
knight, a spriggan air mage and a friendly blizzard demon.

Vanquished Creatures
  Vashnia (Snake:4)
  A lich (Depths:1)
  A sphinx (Depths:1)
  5 nagarajas
  A fire giant (Depths:1)
  A frost giant (Depths:1)
  An orc warlord (Orc:1)
  4 stone giants (Depths:1)
  Nessos (Lair:4)
  A dire elephant (Lair:2)
  4 spark wasps (Depths:1)
  2 ettins (Depths:1)
  Josephine (D:11)
  Erolcha (D:10)
  3 rakshasas (D:15)
  6 naga warriors
  8 hydras
  2 ice dragons (Depths:1)
  A vault guard (D:14)
  16 anacondas
  2 centaur warriors
  A death knight (D:14)
  3 two-headed ogres
  A tengu warrior (D:14)
  A hell knight (Depths:1)
  8 naga sharpshooters
  9 shock serpents
  2 skeletal warriors (D:14)
  4 slime creatures
  An orc high priest (Orc:2)
  A salamander mystic (Snake:2)
  An unseen horror (D:15)
  A lindwurm (Lair:6)
  5 naga ritualists
  Pikel (D:5)
  3 wizards (D:14)
  A wolf spider zombie (D:15)
  4 orc knights
  4 necromancers
  An orc sorcerer (Orc:1)
  6 salamanders
  8 mana vipers
  2 ugly things
  A cyclops (D:15)
  2 centaur zombies
  8 deep elf magi (D:11)
  A cyclops (shapeshifter) (D:15)
  3 manticores
  28 black mambas
  8 guardian serpents
  22 elephants
  3 ice statues (IceCv)
  20 naga magi
  7 spiny frogs
  A spiny frog (shapeshifter) (Depths:1)
  4 gargoyles
  3 komodo dragons
  4 rime drakes
  9 ice devils (IceCv)
  2 trolls
  A redback zombie (D:14)
  A queen bee (Lair:5)
  A meliai (Lair:6)
  A tengu conjurer (D:14)
  A merfolk (shapeshifter) (Depths:1)
  A queen bee (shapeshifter) (Depths:1)
  2 bog bodies (Lair:2)
  9 blink frogs
  8 hippogriffs
  A dream sheep (shapeshifter) (D:15)
  A spriggan (Lair:3)
  A shadow (D:13)
  2 water elementals (D:14)
  5 wyverns
  18 yaks
  5 basilisks
  3 wraiths (D:11)
  18 humans (D:14)
  Menkaure (D:4)
  2 hungry ghosts
  4 vampire mosquitoes
  43 nagas
  A soldier ant (shapeshifter) (Depths:1)
  A warg (shapeshifter) (Depths:1)
  7 wargs
  3 swamp worms (Lair:2)
  2 acid dragons
  28 water moccasins
  4 porcupines
  38 orc warriors
  2 sky beasts
  4 ice beasts
  3 black bears
  A black bear (shapeshifter) (Depths:1)
  15 ogres
  A phantom (D:8)
  A wolf (Lair:4)
  3 boggarts (D:15)
  6 centaurs
  13 crocodiles
  An elf zombie (Ossuary)
  2 wyvern zombies
  18 bullfrogs
  A gnoll sergeant (D:6)
  2 scorpions
  A wyvern skeleton (D:15)
  37 killer bees
  5 howler monkeys
  4 wights (D:13)
  2 electric eels
  A bullfrog zombie (D:10)
  7 crimson imps
  5 centaur skeletons
  A human zombie (Ossuary)
  Crazy Yiuf (D:2)
  2 draconian simulacra (IceCv)
  5 hounds
  6 jellies
  23 orc wizards
  18 orc priests
  4 bullfrog skeletons
  A gnoll shaman (D:7)
  Jessica (D:2)
  4 iguanas
  Natasha (thrice) (D:2)
  4 hell rats
  5 troll simulacra (IceCv)
  4 worker ants
  A spriggan simulacrum (IceCv)
  3 hound zombies
  4 mummies (Ossuary)
  Robin (D:4)
  6 gnolls
  A howler monkey skeleton (D:8)
  13 adders
  A naga simulacrum (IceCv)
  An ogre simulacrum (IceCv)
  3 river rats
  A shadow imp (D:10)
  An ooze (D:7)
  An adder zombie (D:9)
  2 adder skeletons
  4 worms
  2 dart slugs
  5 leopard geckos
  99 orcs
  5 bats
  7 giant cockroaches
  14 hobgoblins
  4 jackals (D:8)
  6 kobolds
  5 quokkas
  4 ball pythons
  5 frilled lizards
  17 goblins
  2 goblin zombies (Ossuary)
  2 hobgoblin zombies (Ossuary)
  A jackal skeleton (D:7)
  A jackal zombie (Ossuary)
  12 rats
  3 rat zombies (Ossuary)
924 creatures vanquished.

Vanquished Creatures (collateral kills)
  Saint Roka (Orc:2)
  A stone giant (Depths:1)
  Fannar (D:10)
  A hydra (D:11)
  An anaconda (Snake:1)
  A naga sharpshooter (Snake:1)
  A naga ritualist (Snake:2)
  A deep elf mage (D:11)
  3 mana vipers (Snake:1)
  2 elephants
  Maurice (D:8)
  4 black mambas
  A spiny frog (Lair:6)
  2 meliai (Lair:5)
  A troll (Orc:1)
  A spriggan (Depths:1)
  3 nagas
  A water moccasin (Lair:6)
  An ogre (Orc:2)
  A crocodile (Lair:6)
  3 killer bees (Lair:5)
  An adder (D:11)
  An orc (Orc:2)
34 creatures vanquished.

Vanquished Creatures (others)
  A centaur warrior (Depths:1)
  4 naga sharpshooters
  A glowing orange brain (Depths:1)
  A naga (Snake:2)
  A goblin (D:2)
  46 fungi
  9 plants
63 creatures vanquished.

Grand Total: 1021 creatures vanquished

Notes
Turn   | Place    | Note
-------+----------+-------------------------------------------
     0 | D:1      | FollowTheCloud the Gargoyle Fighter began the quest for the
                  | Orb.
     0 | D:1      | Reached XP level 1. HP: 14/14 MP: 1/1
   221 | D:1      | Reached XP level 2. HP: 19/19 MP: 2/2
   836 | D:2      | Reached XP level 3. HP: 19/23 MP: 3/3
   891 | D:2      | Noticed Natasha
   901 | D:2      | Killed Natasha
   901 | D:2      | Reached XP level 4. HP: 23/29 MP: 4/4
   930 | D:2      | Found a runed translucent door,
   931 | D:2      | Noticed Crazy Yiuf
  1014 | D:2      | Found a sacrificial altar of Ru,
  1162 | D:2      | Noticed Jessica
  1171 | D:2      | Killed Jessica
  1234 | D:2      | Noticed Natasha
  1296 | D:2      | Killed Natasha
  1296 | D:2      | Reached XP level 5. HP: 10/33 MP: 5/5
  1542 | D:2      | Found a shimmering altar of Xom,
  1808 | D:2      | Noticed Natasha
  1820 | D:2      | Killed Natasha
  2024 | D:2      | Killed Crazy Yiuf
  2378 | D:3      | Reached XP level 6. HP: 39/39 MP: 6/6
  2444 | D:3      | Found a burning altar of Makhleb,
  2458 | D:3      | Became a worshipper of Makhleb the Destroyer
  2545 | D:3      | Found an ancient bone altar of Kikubaaqudgha,
  2942 | D:4      | Noticed a phantom
  3046 | D:4      | Found a staircase to the Ecumenical Temple,
  3056 | D:4      | Noticed Robin
  3064 | D:4      | Killed Robin
  3107 | D:4      | Noticed Menkaure
  3161 | D:3      | Reached skill level 5 in Armour
  3330 | D:4      | Found a hide-covered altar of Uskayaw,
  3503 | D:4      | Killed Menkaure
  3503 | D:4      | Reached skill level 5 in Fighting
  3503 | D:4      | Reached skill level 5 in Shields
  3503 | D:4      | Reached skill level 1 in Invocations
  3503 | D:4      | Reached XP level 7. HP: 44/44 MP: 7/7
  3559 | D:5      | Entered Level 5 of the Dungeon
  3680 | D:5      | Reached * piety under Makhleb
  4311 | D:5      | Noticed Pikel
  4354 | D:5      | Killed Pikel
  4354 | D:5      | Reached skill level 5 in Maces & Flails
  4354 | D:5      | Reached XP level 8. HP: 30/51 MP: 8/10
  5164 | D:6      | Found a stormy altar of Qazlal,
  5418 | D:7      | Reached XP level 9. HP: 28/56 MP: 12/12
  5436 | D:7      | Found a sand-covered staircase,
  5490 | Ossuary  | Entered an ossuary
  5536 | Ossuary  | Reached ** piety under Makhleb
  5790 | D:7      | Found a sparkling altar of Nemelex Xobeh,
  6456 | D:7      | Found a blossoming altar of Fedhas,
  6475 | D:7      | Reached skill level 5 in Invocations
  6789 | D:7      | Found Xayni's Armour Shoppe,
  7016 | D:8      | Noticed Maurice
  7149 | D:8      | Reached *** piety under Makhleb
  7682 | D:8      | Reached XP level 10. HP: 62/64 MP: 14/14
  7837 | D:8      | Noticed a gargoyle
  7858 | D:8      | Killed a gargoyle
  7903 | D:8      | Found a snail-covered altar of Cheibriados,
  8414 | D:8      | Killed Maurice
  8988 | D:9      | You fall into a shaft and drop 3 floors!
  9143 | D:11     | Reached **** piety under Makhleb
  9238 | D:10     | Entered Level 10 of the Dungeon
  9239 | D:10     | Found Zowkeutz's Antique Armour Shoppe,
  9260 | D:11     | Noticed a seven-headed hydra
  9306 | D:10     | Reached XP level 11. HP: 71/71 MP: 15/15
  9384 | D:10     | Noticed Erolcha
  9530 | D:9      | Found a white marble altar of Elyvilon,
  9735 | D:10     | Noticed a purple ugly thing
  9769 | D:10     | Killed a purple ugly thing
  9987 | D:10     | Noticed Fannar
 10109 | D:11     | Killed a seven-headed hydra
 10147 | D:11     | Noticed a deep elf mage
 10148 | D:11     | Noticed a deep elf mage
 10148 | D:11     | Noticed a deep elf mage
 10148 | D:11     | Noticed a deep elf mage
 10148 | D:11     | Noticed a deep elf mage
 10149 | D:11     | Noticed a deep elf mage
 10149 | D:11     | Noticed a deep elf mage
 10149 | D:11     | Noticed a deep elf mage
 10152 | D:11     | Noticed a deep elf mage
 10154 | D:11     | Killed a deep elf mage
 10538 | D:10     | Killed Fannar
 11001 | D:11     | Noticed a manticore
 11012 | D:11     | Killed a manticore
 11336 | D:11     | Killed a deep elf mage
 11451 | D:11     | Found a staircase to the Lair,
 11582 | D:11     | Killed a deep elf mage
 11582 | D:11     | Reached skill level 10 in Armour
 11603 | D:11     | Reached skill level 10 in Shields
 11613 | D:11     | Killed a deep elf mage
 11613 | D:11     | Reached skill level 10 in Fighting
 11674 | D:11     | Found a stormy altar of Qazlal,
 11736 | D:11     | Killed a deep elf mage
 11807 | D:11     | Noticed Josephine
 11830 | D:11     | Killed Josephine
 11922 | D:11     | Reached XP level 12. HP: 76/78 MP: 16/16
 12288 | Lair:1   | Entered Level 1 of the Lair of Beasts
 12480 | Lair:1   | Noticed a four-headed hydra
 12492 | Lair:1   | Killed a four-headed hydra
 13117 | Lair:2   | Reached skill level 10 in Maces & Flails
 13625 | Lair:2   | Noticed a five-headed hydra
 13643 | Lair:2   | Killed a five-headed hydra
 13891 | Lair:2   | Got a translucent hat
 13902 | Lair:2   | Identified the -5 hat of the Monkey's Uncle {rElec rC+}
                  | (You found it on level 2 of the Lair of Beasts)
 14046 | Lair:2   | Found a staircase to the Swamp,
 14312 | Lair:2   | Got an encrusted falchion
 14313 | Lair:2   | Identified the +3 falchion "Haejokh" {pain, Str+6} (You
                  | found it on level 2 of the Lair of Beasts)
 14480 | Lair:3   | Reached XP level 13. HP: 84/84 MP: 17/17
 14547 | Lair:3   | Reached ***** piety under Makhleb
 14621 | Lair:3   | Noticed a dire elephant
 14984 | Lair:2   | Killed a dire elephant
 15652 | Lair:3   | Found a runed translucent gate,
 15652 | Lair:3   | Found a runed translucent gate,
 15652 | Lair:3   | Found a runed translucent gate,
 15653 | Lair:3   | Noticed Zajic's ghost (journeyman MiBe)
 15654 | Lair:3   | Noticed Leupn's ghost (journeyman GnSk)
 15866 | Lair:4   | Noticed Nessos
 15880 | Lair:4   | Paralysed by Nessos for 7 turns
 15911 | Lair:4   | Killed Nessos
 16214 | Lair:4   | Found a staircase to the Snake Pit,
 16436 | Lair:4   | Found a sacrificial altar of Ru,
 17051 | Lair:6   | Entered Level 6 of the Lair of Beasts
 17644 | Lair:6   | Gained mutation: Your large and strong wings let you fly
                  | indefinitely. [Gargoyle growth]
 17644 | Lair:6   | Reached XP level 14. HP: 80/92 MP: 19/19
 17977 | Lair:6   | HP: 4/92 [hippogriff (2)]
 18558 | Lair:6   | HP: 1/92 [lindwurm/blast of flame (29)]
 19501 | Lair:6   | Found a staircase to the Slime Pits,
 20313 | D:12     | You fall into a shaft and drop 1 floor!
 21262 | D:10     | Bought a slimy chain mail for 285 gold pieces
 21262 | D:10     | Bought a pair of runed gloves for 225 gold pieces
 21262 | D:10     | Identified the +2 chain mail of Uryarob {rElec rF+} (You
                  | bought it in a shop on level 10 of the Dungeon)
 21296 | D:10     | Killed Erolcha
 21364 | D:12     | Found a staircase to the Orcish Mines,
 21681 | Orc:1    | Entered Level 1 of the Orcish Mines
 21681 | Orc:1    | Noticed an orc warlord
 21757 | D:12     | Reached ****** piety under Makhleb
 21898 | Orc:1    | Killed an orc warlord
 22048 | Orc:1    | Found a runed translucent door,
 22067 | Orc:1    | Found a runed translucent door,
 22073 | Orc:1    | Found the +10 tower shield of Ignorance {rN+ Int-4}
 22765 | Orc:2    | Entered Level 2 of the Orcish Mines
 22866 | Orc:2    | Found a roughly hewn altar of Beogh,
 22942 | Orc:2    | Found a staircase to the Elven Halls,
 22954 | Orc:2    | Found a roughly hewn altar of Beogh,
 22954 | Orc:2    | Found Culunarr's Gadget Boutique,
 23263 | Orc:2    | Found a roughly hewn altar of Beogh,
 23323 | Orc:2    | Found Ryocyiwa's Food Boutique,
 23412 | Orc:2    | Found a roughly hewn altar of Beogh,
 23531 | Orc:2    | Found a frozen archway,
 23542 | IceCv    | Entered an ice cave
 24523 | IceCv    | Reached XP level 15. HP: 99/99 MP: 22/22
 24686 | Orc:2    | Found a roughly hewn altar of Beogh,
 24742 | Orc:2    | Found a roughly hewn altar of Beogh,
 24786 | Orc:2    | Found a roughly hewn altar of Beogh,
 24933 | Orc:2    | Found Teoppeabia's Magic Scroll Emporium,
 25072 | Orc:2    | Found a roughly hewn altar of Beogh,
 25298 | Orc:2    | Paralysed by an orc sorcerer for 2 turns
 25300 | Orc:2    | Noticed Saint Roka
 25364 | Orc:1    | Paralysed by an orc sorcerer for 7 turns
 26051 | Orc:2    | Noticed a cacodemon
 26295 | Orc:2    | Found Ogroorr's Antique Armour Shop,
 26333 | Orc:2    | Found Qaxakufu's Antique Weapon Boutique,
 26334 | Orc:2    | Found a roughly hewn altar of Beogh,
 26424 | Orc:2    | Killed Saint Roka
 26701 | Orc:2    | Bought a scorched morningstar for 270 gold pieces
 26701 | Orc:2    | Identified the cursed +2 morningstar "Peifi" {vorpal,
                  | Stlth+} (You bought it in a shop on level 2 of the Orcish
                  | Mines)
 26952 | D:14     | Reached skill level 10 in Invocations
 27175 | Snake:1  | Entered Level 1 of the Snake Pit
 28739 | Snake:2  | HP: 3/100 [salamander/+4 glaive (11)]
 28755 | Snake:2  | HP: 1/100 [naga mage/poison arrow (5)]
 29647 | Snake:2  | Reached XP level 16. HP: 107/107 MP: 24/24
 31835 | Snake:3  | Noticed a nagaraja
 31848 | Snake:3  | Killed a nagaraja
 31937 | Snake:4  | Entered Level 4 of the Snake Pit
 32126 | Snake:4  | Found Ubay's Antique Weapon Emporium,
 32126 | Snake:4  | Found Zastank's Book Shoppe,
 32231 | Snake:4  | Reached skill level 15 in Fighting
 32307 | Snake:4  | Noticed Vashnia
 32357 | Snake:4  | Reached skill level 15 in Armour
 32566 | Snake:3  | Reached skill level 15 in Shields
 32822 | Snake:4  | Killed Vashnia
 32952 | Snake:4  | Noticed a nagaraja
 33012 | Snake:4  | Gained mutation: You are weak. (Str -2) [a cacodemon]
 33406 | Snake:4  | Killed a nagaraja
 33428 | Snake:4  | Noticed a nagaraja
 33447 | Snake:4  | Killed a nagaraja
 33447 | Snake:4  | Reached XP level 17. HP: 88/113 MP: 26/26
 34578 | D:14     | Found a gate to the Vaults,
 35436 | D:15     | Entered Level 15 of the Dungeon
 35774 | D:15     | Found an opulent altar of Gozag,
 36128 | D:15     | Found a staircase to the Depths,
 37116 | Depths:1 | Entered Level 1 of the Depths
 37145 | Depths:1 | Found a snail-covered altar of Cheibriados,
 37340 | Depths:1 | Found Puoxzyis's Antique Armour Emporium,
 37369 | Depths:1 | Bought a pair of bloodstained boots for 323 gold pieces
 37379 | Depths:1 | Identified the +2 pair of boots "Lurel" {rPois} (You bought
                  | it in a shop on level 1 of the Depths)
 37526 | Depths:1 | Found a gateway to Hell,
 37607 | Depths:1 | Noticed a sphinx
 37611 | Depths:1 | Killed a sphinx
 37848 | Depths:1 | Reached XP level 18. HP: 112/120 MP: 27/27
 37869 | Depths:1 | HP: 6/120 [something (18)]
 38258 | Depths:1 | Noticed a lich
 38263 | Depths:1 | Noticed the Enchantress
 38271 | Depths:1 | Paralysed by a lich for 5 turns
 38278 | Depths:1 | Killed a lich
 38320 | Depths:1 | HP: 6/120 [spriggan air mage/the air[the Enchantress] (17)]
 38324 | Depths:1 | Killed from afar by a spriggan air mage

Levels and vault maps discovered:
D:1:      dpeg_arrival_shelter, layout_basic, hex_large
D:2:      layout_loops_ring, lemuel_doored_altar,
          nicolae_ru_great_annihilating_truth, first_ration, uniq_jessica,
          uniq_crazy_yiuf_cottage, uniq_natasha
D:3:      layout_rooms, lemuel_crystal_altar, lemuel_round_altar,
          minmay_misc_feat_pillars
D:4:      layout_rooms, eat_drink_and_be_merry_uskayaw,
          minmay_temple_entry_ruins, uniq_robin, uniq_menkaure
D:5:      layout_basic, uniq_pikel
D:6:      layout_loops_cross, serial_park_tiny_1,
          nicolae_qazlal_eye_of_the_storm
D:7:      layout_loops_ring, old_standard_altar, serial_shops,
          kennysheep_mini_moat, enter_ossuary_5, nemelex_dance_club_becter
D:8:      layout_basic, slow_altar_2, uniq_maurice
D:9:      layout_cave_pools, kennysheep_little_box, grunt_ogre_cave
D:10:     layout_rooms, serial_shops, nicolae_shop_stone, uniq_erolcha,
          uniq_fannar
D:11:     layout_long_grid, david_lair_generic, basic_altar,
          elves_outpost_lemuel, uniq_josephine
D:12:     layout_roguey, orc_0_dummy
D:13:     layout_loops_cross
D:14:     layout_basic, grunt_vaults_entry_tiered, chequers_big_river,
          minmay_misc_feat_four_crosses
D:15:     gammafunk_enter_depths_forms, layout_basic, basic_altar
Lair:1:   layout_gridlike, cheibrodos_lair_reptile_den
Lair:2:   layout_concentric_octagons, nicolae_swamp_entry_splash_gauntlet,
          infiniplex_staircase_pool
Lair:3:   mu_elephants_graveyard, layout_misc_corridors,
          gammafunk_ghost_cemetery, kennysheep_abandoned_house
Lair:4:   layout_gridlike, minmay_snake_entry_six_corridors, basic_altar,
          minmay_stone_trees_medium, uniq_nessos
Lair:5:   regret_index_harrowing_hell_hive, layout_gridlike,
          serial_bayou_pond_b, chequers_serial_rivers_micro_c
Lair:6:   wormcave, layout_gridlike, minmay_slime_entry_oklob_open,
          grunt_megastairs_4, serial_bayou_shore_a, lemuel_fruit_tree,
          serial_bayou_shore_b, infiniplex_staircase_pool_2
Snake:1:  layout_grid_maze
Snake:2:  layout_layer_cave
Snake:3:  layout_cave_pods, grunt_ministairs_11
Snake:4:  grunt_snake_rune_serpentine_throne, layout_rooms, minmay_shoptagon,
          uniq_louise, uniq_vashnia
Orc:1:    layout_caves, chequers_guarded_unrand_ignorance
Orc:2:    grunt_orc_community_town_hall, layout_diamond_mine,
          grunt_orc_community_big_house_1, grunt_orc_community_big_house_2,
          grunt_orc_community_house_1, grunt_orc_community_house_2,
          grunt_orc_community_house_2, grunt_orc_community_house_1,
          grunt_orc_community_house_1, grunt_orc_community_house_1,
          portal_ice_cave_entry_pillars_1, serial_shops,
          nicolae_shop_behind_doors, nicolae_orc_crystal_geode
Depths:1: layout_cave_pools, chequers_serial_rivers_small_3, serial_shops,
          shop_coins, pf_coc_iceberg, grunt_ministairs_5, cheibriados_altar_1,
          uniq_enchantress

Skill      XL: |  1  2  3  4  5  6  7  8  9 10 11 12 13 14 15 16 17 |
---------------+----------------------------------------------------+-----
Shields        | 4 5 6 7 9 10 11 12 13 14 15 16 | 16.0
Armour         | 4 5 6 7 9 10 11 12 13 14 15 16 | 16.1
Fighting       | 4 5 6 7 9 10 11 12 13 14 15 16 | 16.1
Maces & Flails | 3 4 5 6 8 9 10 11 12 13 14 | 14.8
Invocations    | 1 3 4 5 6 7 9 10 12 13 | 13.2

Action                   |  1- 3 |  4- 6 |  7- 9 | 10-12 | 13-15 | 16-18 || total
-------------------------+-------+-------+-------+-------+-------+-------++-------
Melee: Flail             |    69 |   307 |   572 |  1042 |  2075 |       ||  4065
       Unarmed           |     6 |    18 |       |       |       |       ||    24
       Whip              |       |       |    38 |       |       |       ||    38
       Morningstar       |       |       |       |       |   460 |  1506 ||  1966
       Demon whip        |       |       |       |       |       |     7 ||     7
Invok: Minor Destruction |       |       |       |    17 |     1 |     9 ||    27
       Lesser Servant of |       |       |       |     7 |    14 |       ||    21
       Major Destruction |       |       |       |       |     2 |     1 ||     3
       Greater Servant o |       |       |       |       |     3 |     4 ||     7
 Abil: Fly               |       |       |       |       |     1 |       ||     1
Evoke: Wand              |       |     3 |     2 |       |       |     1 ||     6
  Use: Potion            |       |       |     1 |     3 |     6 |     2 ||    12
       Scroll            |       |       |       |     7 |    26 |    13 ||    46
 Stab: Confused          |     1 |       |       |       |       |       ||     1
       Invisible         |       |     1 |       |       |       |       ||     1
       Paralysed         |       |     1 |       |       |       |       ||     1
       Distracted        |       |       |       |     2 |     3 |       ||     5
  Eat: Chunk             |       |     9 |    14 |    20 |    40 |    16 ||    99
       Ration            |       |       |       |     1 |     4 |     5 ||    10
Armor: Scale mail        |    54 |   260 |   320 |       |       |       ||   634
       Skin              |     1 |     3 |       |       |       |       ||     4
       Crystal plate arm |       |       |   201 |   842 |  2152 |   854 ||  4049
       Plate armour      |       |       |     3 |       |       |       ||     3
Dodge: Dodged            |    26 |   138 |   202 |   124 |   498 |   221 ||  1209
       Deflected         |       |       |       |       |       |    55 ||    55
Block: Kite shield       |    52 |   249 |   460 |   739 |  2513 |  1565 ||  5578
       Reflection        |       |       |       |     5 |    55 |   147 ||   207

Table legend:
 A = Non-vault XP
 B = Vault XP
 C = Vault XP percentage of total XP
 D = Non-vault monster count
 E = Vault monster count
 F = Vault count percentage of total count
                 A         B        C        D         E       F
            +---------+---------+-------+---------+---------+-------
      Total |  155357 |   96892 |  38.4 |     623 |     342 |  35.4
            +---------+---------+-------+---------+---------+-------
        D:1 |      27 |       0 |   0.0 |      15 |       0 |   0.0
        D:2 |     144 |     121 |  45.7 |      28 |       7 |  20.0
        D:3 |     239 |       0 |   0.0 |      32 |       0 |   0.0
        D:4 |      14 |     219 |  94.0 |       4 |      13 |  76.5
        D:5 |     429 |     673 |  61.1 |      14 |       1 |   6.7
        D:6 |     597 |       0 |   0.0 |      13 |       0 |   0.0
        D:7 |    1262 |     128 |   9.2 |      24 |       2 |   7.7
        D:8 |    2643 |     569 |  17.7 |      42 |       3 |   6.7
        D:9 |     837 |       0 |   0.0 |      12 |       0 |   0.0
       D:10 |    1705 |    1523 |  47.2 |      11 |       2 |  15.4
       D:11 |    2757 |    7404 |  72.9 |      24 |      17 |  41.5
       D:12 |    3965 |       0 |   0.0 |      31 |       0 |   0.0
       D:13 |    3547 |       0 |   0.0 |      24 |       0 |   0.0
       D:14 |    7778 |    8218 |  51.4 |      19 |      25 |  56.8
       D:15 |   10757 |    4642 |  30.1 |      29 |       9 |  23.7
     Lair:1 |    3485 |     758 |  17.9 |      13 |       7 |  35.0
     Lair:2 |    4214 |    2310 |  35.4 |      18 |       7 |  28.0
     Lair:3 |    2603 |    8230 |  76.0 |      13 |      27 |  67.5
     Lair:4 |    2361 |    5308 |  69.2 |      12 |      31 |  72.1
     Lair:5 |    1678 |    5656 |  77.1 |       8 |      35 |  81.4
     Lair:6 |    8039 |    1899 |  19.1 |      25 |       8 |  24.2
    Snake:1 |   22626 |       0 |   0.0 |      47 |       0 |   0.0
    Snake:2 |   12829 |       0 |   0.0 |      35 |       0 |   0.0
    Snake:3 |   18826 |    4848 |  20.5 |      36 |       7 |  16.3
    Snake:4 |    9410 |   29063 |  75.5 |      20 |      31 |  60.8
      Orc:1 |    2359 |    1847 |  43.9 |      21 |      12 |  36.4
      Orc:2 |    2198 |    7476 |  77.3 |      28 |      56 |  66.7
   Depths:1 |   28028 |     396 |   1.4 |      25 |       3 |  10.7
    Ossuary |       0 |     262 | 100.0 |       0 |      16 | 100.0
      IceCv |       0 |    5342 | 100.0 |       0 |      23 | 100.0
            +---------+---------+-------+---------+---------+-------
